 Dungeon Crawl Stone Soup version 0.17.1-3-g152610e (webtiles) character file.

1155 Shtopit the Shield-Bearer (level 8, -4/48 HPs)
             Began as a Gargoyle Fighter on May 4, 2016.
             Was a Believer of Qazlal.
             Killed by divine providence
             ... invoked by an orc priest
              (12 damage)
             ... on level 7 of the Dungeon.
             The game lasted 00:16:57 (5077 turns).

Shtopit the Shield-Bearer (Gargoyle Fighter)        Turns: 5077, Time: 00:16:57

Health: -4/48      AC: 17    Str: 22    XL:     8   Next: 39%
Magic:  12/12      EV:  8    Int:  9    God:    Qazlal [**....]
Gold:   323        SH:  7    Dex:  9    Spells: 0 memorised, 12 levels left

rFire  . . .     SeeInvis .     a - +0 flail
rCold  . . .     Clarity  .     j - +0 chain mail
rNeg   + . .     SustAt   .     h - +0 buckler
rPois  ∞         Gourm    .     t - +0 helmet
rElec  +         Spirit   .     H - +0 cloak
rCorr  +         Warding  .     (no gloves)
rMut   .         Stasis   .     (no boots)
MR     .....                    B - amulet of resist corrosion
Stlth  ..........               (no ring)
                                (no ring)

@: very slightly contaminated, invisible, not resistant to hostile enchantments,
extremely unstealthy
A: negative energy resistance 1, electricity resistance, unbreathing,
petrification resistance, rot immunity, AC +5
a: Upheaval, Renounce Religion


You were on level 7 of the Dungeon.
You worshipped Qazlal.
Qazlal was pleased with you.
You were very hungry.

You visited 1 branch of the dungeon, and saw 7 of its levels.

You collected 323 gold pieces.

Inventory:

Hand Weapons
 a - a +0 flail (weapon)
 o - a +0 blowgun
 N - a +2 mace of holy wrath
Missiles
 P - 13 poisoned needles
 R - 2 curare-tipped needles
Armour
 b - a +0 scale mail
 c - a +0 shield
 h - a +0 buckler (worn)
 j - a +0 chain mail (worn)
 t - a +0 helmet (worn)
 H - a +0 cloak (worn)
Jewellery
 g - an uncursed ring of protection from fire {unknown}
 q - an uncursed amulet of resist mutation
 s - an uncursed ring of ice
 y - an uncursed ring of stealth
 B - an amulet of resist corrosion (around neck)
 E - a cursed +2 ring of intelligence
Wands
 J - a wand of enslavement (11)
 K - a wand of slowing (31)
 M - a wand of frost (17)
 S - a wand of lightning (7)
Scrolls
 f - 2 scrolls of blinking
 i - 5 scrolls of teleportation {unknown}
 k - 2 scrolls of remove curse {unknown}
 n - 10 scrolls of identify
 p - a scroll of noise {unknown}
 v - 3 scrolls of magic mapping {unknown}
 x - a scroll of fear {unknown}
 D - 2 scrolls of recharging {unknown}
 F - 2 scrolls of random uselessness {unknown}
 L - a scroll of holy word {unknown}
Potions
 d - 2 potions of might
 l - a potion of cure mutation {unknown}
 m - a potion of flight {unknown}
 r - a potion of mutation {unknown}
 u - a potion of curing
 w - a potion of resistance {unknown}
 C - 2 potions of invisibility
 I - 2 potions of heal wounds {unknown}
 O - 2 potions of ambrosia {unknown}
Comestibles
 e - 8 bread rations
 z - a beef jerky
 A - a royal jelly
 G - a meat ration
 Q - 3 chunks of flesh


   Skills:
 + Level 4.7 Fighting
 + Level 4.5 Maces & Flails
 + Level 5.1 Armour
 + Level 2.1 Dodging
 * Level 6.1 Shields
 * Level 2.7 Spellcasting
 * Level 3.4 Invocations


You had 12 spell levels left.
You didn't know any spells.

Dungeon Overview and Level Annotations

Branches:
Dungeon (7/15)             Temple (0/1) D:6

Altars:
Okawaru
Qazlal
Ru
Vehumet
Zin

Shops:
D:4 (*?%   D:6 %

Annotations:
D:4 Duvessa


Innate Abilities, Weirdness & Mutations

You are resistant to torment.
Your stone body is resilient (AC +5).
You are immune to poison.
You resist negative energy.
You are resistant to electric shocks.
You can survive without breathing.
You are immune to petrification.
You are immune to rotting.


Message History

You catch the helpless orc wizard completely off-guard!
You hit the orc wizard but do no damage.
The orc wizard is severely wounded.
The gnoll closely misses you. The orc wizard barely misses you.
You thump the orc wizard!
You kill the orc wizard!
Qazlal accepts your kill. The gnoll completely misses you.
You hit the orc priest but do no damage.
The gnoll barely misses you. You block the orc priest's attack.
You miss the orc priest.
The gnoll is struck by lightning.
You kill the gnoll!
Qazlal accepts your kill.
The orc priest looks braver for a moment.
You hear a shout! x6
You are feeling very hungry.
You barely miss the orc priest.
The orc priest invokes the aid of Beogh against you.
Something smites you!
You die...

#########################
..............'...#.....#
......K....)§o)...#.....#
###''########@#...#PP♣..#
... #.†.#...#♣PP..# .
#...#...#♣P♣..#
#.>)#####♣PP..#
#.)[#P♣♣♣P♣...#
##'''#PPPPP...##
♣♣♣....♣PPP♣P...#
P♣PP.....P♣P.....#
P♣P♣P.....P.P....##


You could see an orc priest and a kobold.

Vanquished Creatures
  A sky beast (D:7)
  A centaur (D:7)
  2 giant frogs
  3 ogres (D:7)
  Dowan (D:4)
  2 jellies
  2 orc priests (D:7)
  A hound (D:6)
  3 orc wizards
  Crazy Yiuf (D:3)
  An iguana (D:3)
  A killer bee zombie (D:5)
  Robin (D:2)
  4 gnolls (D:7)
  4 adders
  2 shadow imps (D:5)
  An ooze (D:1)
  2 worms (D:2)
  5 giant geckos
  11 orcs
  12 bats
  12 goblins
  14 hobgoblins
  12 kobolds
  A quokka (D:3)
  2 ball pythons (D:3)
  7 giant cockroaches
  5 giant newts
  6 jackals
  4 rats
  A fungus (D:3)
125 creatures vanquished.

Notes
Turn   | Place    | Note
--------------------------------------------------------------
     0 | D:1      | Shtopit the Gargoyle Fighter began the quest for the Orb.
     0 | D:1      | Reached XP level 1. HP: 14/14 MP: 1/1
   250 | D:1      | Reached XP level 2. HP: 17/19 MP: 2/2
   961 | D:2      | Noticed Robin
   963 | D:2      | Reached XP level 3. HP: 21/23 MP: 3/3
   995 | D:2      | Killed Robin
  1605 | D:2      | Reached XP level 4. HP: 28/28 MP: 4/4
  1761 | D:2      | Reached skill level 4 in Shields
  1920 | D:2      | Found a stormy altar of Qazlal.
  1927 | D:2      | Became a worshipper of Qazlal Stormbringer
  2060 | D:3      | Reached XP level 5. HP: 31/33 MP: 6/6
  2082 | D:3      | Reached skill level 1 in Spellcasting
  2097 | D:3      | Reached skill level 1 in Dodging
  2173 | D:3      | Found a faded altar to an unknown god.
  2302 | D:3      | Found a glowing silver altar of Zin.
  2641 | D:3      | Found a radiant altar of Vehumet.
  2865 | D:3      | Noticed Crazy Yiuf
  2879 | D:3      | Killed Crazy Yiuf
  2992 | D:4      | Found Kikhleleo's Food Emporium.
  3045 | D:4      | Found Dail's Assorted Antiques.
  3091 | D:4      | Found Piucirei's Weapon Shoppe.
  3113 | D:4      | Found an iron altar of Okawaru.
  3128 | D:4      | Noticed Duvessa
  3128 | D:4      | Noticed Dowan
  3190 | D:4      | Killed Dowan
  3190 | D:4      | Reached skill level 1 in Invocations
  3190 | D:4      | Reached XP level 6. HP: 36/38 MP: 6/8
  3241 | D:4      | Found Fip Wez's Magic Scroll Shoppe.
  3261 | D:4      | You fall through a shaft for 2 floors!
  3270 | D:5      | Entered Level 5 of the Dungeon
  3462 | D:5      | Reached * piety under Qazlal
  3971 | D:5      | Reached skill level 5 in Shields
  4014 | D:5      | Reached XP level 7. HP: 37/43 MP: 8/10
  4257 | D:6      | Found Vuarchido's Food Boutique.
  4280 | D:6      | Found a staircase to the Ecumenical Temple.
  4325 | D:6      | Found a sacrificial altar of Ru.
  4349 | D:6      | Found an iron altar of Okawaru.
  4971 | D:7      | Reached XP level 8. HP: 48/48 MP: 11/11
  4973 | D:7      | Reached skill level 5 in Armour
  4987 | D:7      | Reached ** piety under Qazlal
  5059 | D:7      | Reached skill level 6 in Shields
  5077 | D:7      | Killed from afar by an orc priest

Action                   |  1- 3 |  4- 6 |  7- 9 || total
-------------------------+-------+-------+-------++-------
Melee: Flail             |   163 |   246 |   139 ||   548
  Use: Potion            |     1 |       |     4 ||     5
       Scroll            |       |     6 |       ||     6
 Stab: Invisible         |       |     1 |     3 ||     4
  Eat: Chunk             |     2 |     7 |     3 ||    12
       Pizza             |       |     1 |       ||     1
